[Event "Karel Janecek Open 2024"]
[Site "Prague"]
[Date "2024.03.03"]
[Round "5.12"]
[White "Cieslak, Patryk"]
[Black "Sethuraman, S.P."]
[Result "1/2-1/2"]
[ECO "B56"]
[WhiteElo "2325"]
[BlackElo "2594"]
[Annotator "TA"]
[PlyCount "93"]
[EventDate "2024.02.22"]
[EventType "swiss"]
[EventCountry "CZE"]
[SourceTitle "playchess.com"]
[Source "ChessBase"]
[SourceQuality "1"]
[TimeControl "40/5400+30:1800+30"]

1. e4 c5 2. Nf3 d6 3. d4 cxd4 4. Nxd4 Nf6 5. f3 Nc6 6. Nc3 e5 7. Nb3 Be7 8. Be3 Be6 9. Qd2 O-O 10. O-O-O a5 11. Bb5 Na7 12. Bxa7 Rxa7 13. Kb1 Nd7 14. a4 Nb6 15. Qd3 {[%emt 0:08:54] White is more active.} Ra8 16. g4 Rc8 17. h4 ({Much worse is} 17. Nxa5 Nxa4 18. Nxa4 Qxa5 $15) 17... Qc7 18. Nd5 ({But not} 18. Nxa5 Nxa4 19. Nxa4 Qxa5 $11) 18... Nxd5 19. exd5 Bd7 20. Rc1 f5 21. g5 Be8 22. Bxe8 Rcxe8 23. Qb5 {[%emt 0:01:15] Wards off Qd7} Bd8 24. Rh3 Qb6 25. Qc4 (25. Nd2 $1 $14) 25... Qe3 26. Qf1 Bb6 27. Re1 (27. Qb5 $11) 27... Qf4 $1 $15 28. Qb5 Qb4 $1 29. Qxb4 axb4 30. Nd2 Rc8 31. f4 exf4 32. Rf3 Rfe8 33. Rxe8+ Rxe8 $17 {[%emt 0:00:04][%mdl 4096] Endgame. KRB-KRN} 34. Nc4 (34. Rxf4 $2 {perishes.} Be3 35. Rxf5 Bxd2 $19) 34... Bc5 35. Rxf4 g6 (35... Re1+ $17 36. Ka2 Re4 37. Rxe4 fxe4) 36. Ka2 (36. Kc1 $1 $11) 36... Kf7 (36... Kf8 $17) 37. Kb3 $11 Re1 38. Na5 Re7 39. Nc4 Re1 40. Na5 Re7 41. Nc4 Ke8 42. c3 bxc3 43. Kxc3 Kd7 44. b4 Ba7 45. Kd2 Bg1 46. a5 Kc7 47. Rf1 {[%emt 0:00:00] Weighted Error Value: White=0.13 (very precise) /Black=0.14 (very precise) .  Mistake:       	White=3     	Black=2      Inaccurate:     	White=3     	Black=5      OK:         	White=16    	Black=15     Best:        	White=2     	---        Strong:       	---       	Black=2} 1/2-1/2

[Event "Karel Janecek Open 2024"]
[Site "Prague"]
[Date "2024.03.03"]
[Round "5.13"]
[White "Amar, Elham"]
[Black "Simek, Petr"]
[Result "1-0"]
[ECO "C65"]
[WhiteElo "2555"]
[BlackElo "2291"]
[Annotator "TA"]
[PlyCount "71"]
[EventDate "2024.02.22"]
[EventType "swiss"]
[EventCountry "CZE"]
[SourceTitle "playchess.com"]
[Source "ChessBase"]
[SourceQuality "1"]
[TimeControl "40/5400+30:1800+30"]

1. e4 e5 2. Nf3 Nc6 3. Bb5 Nf6 4. d3 Bc5 5. Bxc6 dxc6 6. Qe2 (6. Nxe5 $2 Qd4 7. Qe2 Qxe5 $19) 6... Bd6 7. Nbd2 Be6 8. Ng5 {[%emt 0:01:43] The position is equal.} Bg4 9. f3 Bd7 {[%emt 0:00:11] [#]} 10. f4 $1 Bg4 (10... Ng4 11. Nc4) 11. Ngf3 Nd7 (11... exf4 {with more complications.} 12. e5 O-O 13. exd6 Re8) 12. f5 f6 13. Nc4 Qe7 14. Bd2 b6 15. O-O-O a5 16. Kb1 Bh5 17. h3 Bc5 18. Be3 Bxe3 19. Nxe3 c5 20. g4 Bf7 21. Rhg1 a4 22. g5 b5 23. gxf6 gxf6 24. c4 b4 25. Rg7 c6 26. Rdg1 a3 27. Nh4 {[%emt 0:02:20][%cal Oh4g6] And now Ng6! would win.} Qf8 28. b3 O-O-O 29. Kc2 Qe8 (29... Nb6 {seems wilder.} 30. Nf3 Bh5 31. Qf2 Rd7) 30. Ng4 Bh5 31. Qe3 {[%emt 0:00:03][%cal Og4f6] aiming for Nxf6!} Bxg4 32. R1xg4 (32. hxg4 Qf8 33. Qh6 Nb8 $17) 32... Qh5 {[%emt 0:00:22] [#] Black is weak on the light squares} (32... Qf8 $16) 33. Nf3 $1 $36 {[%emt 0:01:20][%mdl 2048] White is really pushing.} Rdf8 $2 {[%emt 0:00:40] [#]} (33... Kb8 {keeps fighting.} 34. Rh4 Qe8) 34. Rxd7 $1 Kxd7 35. Qxc5 {[%emt 0:00:01] White wants to mate with Qa7+.} (35. Rh4 Qe8 36. Qxc5 Qe7 37. Qa7+ Ke8 38. Qa8+ Kf7 39. Qxc6 Rd8 $15) 35... Qf7 $2 {[%emt 0:00:52] [#]} (35... Rfg8 36. Qa7+ (36. Qxb4 Rxg4 37. Qb7+ Ke8 $14) 36... Kd8 37. Qb8+ Kd7 38. Qb7+ (38. Rxg8 Rxg8 39. Qxg8 Qxf3 $14) (38. Qxb4 Qxh3 39. Qb7+ Kd8 $18) 38... Kd8 39. Qxc6 (39. Qxb4 Kc8 $18) 39... Rxg4 40. Qxf6+ (40. hxg4 Qh6 $18) 40... Kc7) 36. Rg7 $3 {[%emt 0:00:12][%mdl 512] Weighted Error Value: White=0.05 (flawless) /Black=0.24 (precise) .  Mistake:       	---       	Black=3      Inaccurate:     	White=1     	Black=2      OK:         	White=12    	Black=9      Best:        	White=1     	---        Strong:       	White=1     	---        Brilliant:      	White=2     	---} 1-0

[Event "Karel Janecek Open 2024"]
[Site "Prague"]
[Date "2024.03.03"]
[Round "5.14"]
[White "Bharath Subramaniyam H"]
[Black "Serrano Salvador, Eduardo"]
[Result "1-0"]
[ECO "D02"]
[WhiteElo "2515"]
[BlackElo "2281"]
[Annotator "TA"]
[PlyCount "77"]
[EventDate "2024.02.22"]
[EventType "swiss"]
[EventCountry "CZE"]
[SourceTitle "playchess.com"]
[Source "ChessBase"]
[SourceQuality "1"]
[TimeControl "40/5400+30:1800+30"]

1. d4 d5 2. Nf3 Nf6 3. Bf4 e6 4. e3 Bd6 5. Ne5 O-O 6. Nd2 c5 7. c3 Qc7 8. Bd3 Nbd7 9. Ndf3 {[%emt 0:00:26] The position is equal.} Ne4 10. h4 f6 11. Nxd7 Bxd7 12. Bxd6 (12. Bxe4 $5 Bxf4 13. Bxh7+ Kxh7 14. Qd3+ (14. exf4 Qxf4 15. O-O cxd4 $11) 14... Kh8 15. exf4 $11) 12... Nxd6 13. Qc2 f5 14. O-O Bb5 (14... c4 $5 15. Be2 $8 h6 $11) 15. Bxb5 Nxb5 16. dxc5 Qxc5 17. Rac1 Rac8 18. Rfd1 Nd6 19. Nd4 Rfe8 20. h5 b5 (20... Qc7 $11) 21. a4 $14 a6 22. axb5 axb5 23. Qe2 Qc4 24. Qf3 Nf7 (24... Qa2 $11 {remains equal.}) 25. Ra1 $1 $16 b4 26. Ra4 Rb8 27. Rda1 Qc5 (27... Nh6 $16 28. Qg3 Qc8) 28. cxb4 $1 $18 Rxb4 29. Ra8 Qf8 {[%emt 0:05:51] [#]} (29... Rbb8 $142 30. Rxb8 Rxb8 31. Nxe6 Qb5 32. Qxf5 Qxb2) 30. Rxe8 $1 Qxe8 {[%emt 0:00:08] [#]} 31. Nxe6 $1 Qxe6 (31... Re4 32. Nc5) 32. Ra8+ Nd8 33. Rxd8+ {[%emt 0:00:08][%mdl 4096] Endgame. KQR-KQR} Kf7 34. Rxd5 ({Worse is} 34. Qxd5 Qxd5 35. Rxd5 Kf6 $11) 34... g6 35. Rd2 {[%emt 0:02:05] aiming for Qa8.} Qc4 $2 (35... Rb6 36. Qd1 Rb7) 36. Rd7+ {[%emt 0:01:46] White is clearly winning.} Ke6 37. Qd1 (37. Rxh7 Qc1+ 38. Kh2 Rh4+ 39. Kg3 Rg4+ 40. Kh2 Rh4+ 41. Kg3 Rg4+ 42. Kh2 Rh4+ $11) 37... Qc6 {[%emt 0:00:51] Prevents Qd6+} 38. Rxh7 Rc4 39. Qd8 {[%emt 0:01:39] Weighted Error Value: White=0.07 (flawless) /Black=0.31.  Mistake:       	---       	Black=5      Inaccurate:     	White=1     	Black=3      OK:         	White=13    	Black=8      Best:        	White=3     	Black=2      Strong:       	White=2     	---        Brilliant:      	White=1     	---} ({Not} 39. hxg6 Rc1 $17) 1-0

[Event "Karel Janecek Open 2024"]
[Site "Prague"]
[Date "2024.03.03"]
[Round "5.15"]
[White "Popovic, Dusan"]
[Black "Novotny, Michal"]
[Result "1/2-1/2"]
[ECO "C07"]
[WhiteElo "2504"]
[BlackElo "2260"]
[Annotator "TA"]
[PlyCount "39"]
[EventDate "2024.02.22"]
[EventType "swiss"]
[EventCountry "CZE"]
[SourceTitle "playchess.com"]
[Source "ChessBase"]
[SourceQuality "1"]
[TimeControl "40/5400+30:1800+30"]

1. e4 e6 2. d4 d5 3. Nd2 c5 4. Ngf3 cxd4 5. exd5 Qxd5 6. Bc4 Qd6 7. O-O Nf6 8. Nb3 Nc6 9. Nbxd4 Nxd4 10. Nxd4 Be7 11. Re1 O-O 12. c3 Qc7 13. Bb3 {[%emt 0:05:51] The position is equal.} a5 14. a4 Qb6 15. Qe2 Bc5 16. Nb5 Bd7 17. Bg5 Bxb5 18. axb5 Be7 19. Red1 h6 20. Bxf6 {[%emt 0:15:46] Weighted Error Value: White=0.10 (very precise) /Black=0.07 (flawless) .  Inaccurate:     	White=1     	Black=1      OK:         	White=1     	Black=5} 1/2-1/2

[Event "Karel Janecek Open 2024"]
[Site "Prague"]
[Date "2024.03.03"]
[Round "5.16"]
[White "Kraus, Tomas"]
[Black "Vojta, Jakub"]
[Result "1-0"]
[ECO "B15"]
[WhiteElo "2484"]
[BlackElo "2252"]
[Annotator "TA"]
[PlyCount "89"]
[EventDate "2024.02.22"]
[EventType "swiss"]
[EventCountry "CZE"]
[SourceTitle "playchess.com"]
[Source "ChessBase"]
[SourceQuality "1"]
[TimeControl "40/5400+30:1800+30"]

1. e4 c6 2. d4 d5 3. Nc3 dxe4 4. Nxe4 Nf6 5. Nxf6+ exf6 6. c3 Bd6 7. Bd3 O-O 8. Qf3 Re8+ 9. Ne2 Nd7 10. O-O Nf8 11. Bf4 Ng6 12. Bxd6 {[%emt 0:02:01] The position is equal.} Qxd6 13. Rfe1 Be6 14. Qg3 Qxg3 15. hxg3 Bd5 16. f3 Re3 17. Red1 Rae8 {[%emt 0:03:38][%cal Oe3d3] Hoping for ...Rxd3!} 18. Kf2 R3e7 19. c4 Be6 20. Rd2 Rd8 21. Rad1 Red7 22. b3 Kf8 23. Bc2 h6 24. g4 Kg8 25. Rh1 a6 26. Rh5 Ne7 27. a4 Kf8 {[%emt 0:05:59] [#]} 28. a5 $1 Ng8 29. Rh1 Ne7 30. Rhd1 f5 31. gxf5 Bxf5 32. Be4 Rd6 33. Nc3 Bc8 34. Na4 f5 35. Bc2 g5 36. g3 Kg7 37. Nc5 (37. Nb6 $16) 37... Ng8 (37... h5 $11 {remains equal.}) 38. Bb1 Nf6 39. Re2 (39. Na4 $14) 39... Kf8 {[%emt 0:03:42] [#]} (39... Kf7 $11) 40. Re5 $1 $16 {[%emt 0:02:16] White has more active pieces. White is clearly better.} Rxd4 41. Rxd4 Rxd4 42. Bxf5 Bxf5 43. Rxf5 Ke7 {[%emt 0:00:00] Against Ne6} 44. Nxb7 Nd7 45. Ke2 {[%emt 0:00:00] Inhibits Rd3.   Weighted Error Value: White=0.10 (very precise) /Black=0.17 (very precise) .  Mistake:       	White=2     	Black=2      Inaccurate:     	White=4     	Black=2      OK:         	White=12    	Black=10     Best:        	---       	Black=1      Strong:       	White=2     	---} 1-0

[Event "Karel Janecek Open 2024"]
[Site "Prague"]
[Date "2024.03.03"]
[Round "5.17"]
[White "Belenkaya, Dina"]
[Black "Sadzikowski, Daniel"]
[Result "1/2-1/2"]
[ECO "E39"]
[WhiteElo "2202"]
[BlackElo "2497"]
[Annotator "TA"]
[PlyCount "137"]
[EventDate "2024.02.22"]
[EventType "swiss"]
[EventCountry "CZE"]
[SourceTitle "playchess.com"]
[Source "ChessBase"]
[SourceQuality "1"]
[TimeControl "40/5400+30:1800+30"]

1. d4 Nf6 2. c4 e6 3. Nc3 Bb4 4. Qc2 O-O 5. Bg5 h6 6. Bh4 c5 7. dxc5 Nc6 8. e3 Bxc5 9. Nf3 b6 10. a3 Bb7 11. Rd1 Be7 12. Be2 Rc8 13. Qa4 a6 14. O-O Qc7 15. Bg3 d6 16. b4 Nh5 17. Rc1 Nxg3 18. hxg3 Nb8 19. Nd2 Nd7 20. Rfd1 Rfd8 21. Qb3 Qb8 22. Nf3 Qa8 23. Nd4 Bf6 ({Of course not} 23... Bxg2 $6 24. f3 Bh3 25. Kh2 $14) 24. Bf3 Ne5 25. Bxb7 Qxb7 26. Nce2 Rd7 27. Rc3 Rdc7 28. Rdc1 Qe4 29. f3 Qb7 30. g4 g6 ({Not} 30... Rxc4 $2 31. Rxc4 Nxc4 32. Rxc4 $18) 31. Ng3 d5 ({Avoid the trap} 31... Rxc4 $2 32. Rxc4 Nxc4 33. Rxc4 $18) 32. cxd5 {[%emt 0:01:32] [#] Ne4 would now be deadly.} Rxc3 33. Rxc3 Rxc3 34. Qxc3 exd5 35. Nge2 Nc4 36. Nf4 Be5 37. g3 a5 38. Qd3 Bxf4 39. gxf4 axb4 40. axb4 $11 {[%emt 0:00:08][%mdl 4096] Endgame. KQN-KQN} Qe7 41. Nc2 Qd6 42. Kg2 Qf6 43. Nd4 Qe7 44. Nc2 Qf6 45. Nd4 Qe7 46. Nc2 Qa7 47. Qb3 b5 {[%emt 0:00:02] [#] Hoping for ...Qa4.} 48. Kf2 Qa4 49. Qb1 Kf8 50. Ke2 h5 51. f5 (51. gxh5 $11 gxh5 52. Kf2) 51... h4 (51... hxg4 $15 52. fxg4 g5) 52. fxg6 {[%emt 0:00:43] The position is equal.} fxg6 53. Kf2 Qa7 54. Qa1 Qxa1 55. Nxa1 {[%emt 0:00:01] KN-KN} g5 56. Nc2 Ne5 57. Nd4 Nd3+ 58. Kg2 Nxb4 59. Nxb5 Nc2 60. Kf2 Ke7 61. Nc3 Ke6 62. Ne2 Kf6 63. Ng1 d4 64. exd4 Nxd4 65. Nh3 Ne6 66. Ke3 Ke5 67. Kf2 Kd4 68. Ke2 Ke5 {[%emt 0:00:29] ( -> ...Nf4+)} 69. Ke3 {[%emt 0:00:11] Weighted Error Value: White=0.06 (flawless) /Black=0.04 (flawless) .  Mistake:       	White=1     	Black=1      Inaccurate:     	White=4     	Black=2      OK:         	White=33    	Black=22     Best:        	White=2     	Black=1} 1/2-1/2

[Event "Karel Janecek Open 2024"]
[Site "Prague"]
[Date "2024.03.03"]
[Round "5.18"]
[White "Al Ibrahim, Abdulrahman"]
[Black "Botez, Alexandra"]
[Result "0-1"]
[ECO "C07"]
[WhiteElo "1911"]
[BlackElo "1977"]
[Annotator "RC"]
[PlyCount "168"]
[EventDate "2024.02.22"]
[EventType "swiss"]
[EventCountry "CZE"]
[SourceTitle "playchess.com"]
[Source "ChessBase"]
[SourceQuality "1"]
[TimeControl "40/5400+30:1800+30"]

1. e4 e6 2. d4 d5 3. Nd2 c5 4. Ngf3 Nc6 5. exd5 Qxd5 6. Bc4 Qd7 7. dxc5 Bxc5 8. O-O Nf6 9. Qe2 a6 10. Rd1 Qc7 11. c3 b5 12. Bd3 Bb7 13. h3 b4 14. Nb3 Ba7 15. Bd2 a5 16. cxb4 axb4 17. Rac1 Qd6 18. Bb5 O-O 19. Be3 Nd5 20. Bc5 Bxc5 21. Nxc5 Na5 22. a3 bxa3 23. b4 Rfc8 24. Qd3 Qe7 25. Qxa3 Nc6 26. Qb2 Ncxb4 27. Nxb7 Qxb7 28. Bc4 Qe7 29. Qe2 Qf6 30. Qe5 Nf4 31. Qxf6 gxf6 32. Bf1 Rxc1 33. Rxc1 Ra2 34. Bc4 Rb2 35. Ne1 Na2 36. Rd1 Nc3 37. Ra1 Ne4 38. f3 Nd6 39. Bf1 Nf5 40. Nd3 Nxd3 41. Bxd3 Ne3 42. Bf1 f5 43. g3 Kg7 44. Ra3 f4 45. gxf4 Nxf1 46. Kxf1 Rh2 47. f5 e5 48. Ra5 Kf6 49. Ra6+ Kxf5 50. Rh6 f6 51. Kg1 Rb2 52. Rh4 h5 53. Re4 Rd2 54. Ra4 Kg5 55. Re4 h4 56. Rg4+ Kh5 57. Rg8 Kh6 58. Rg4 Rd4 59. Rg8 Rd7 60. Kf2 Rg7 61. Rh8+ Kg5 62. Ke3 Rb7 63. Rg8+ Kh6 64. Rh8+ Kg5 65. Rg8+ Kf5 66. Rg4 Rh7 67. Ra4 Rh6 68. Rg4 Ke6 69. Ra4 Kd5 70. Ra5+ Kc4 71. Ra4+ Kc3 72. Re4 Kc2 73. f4 Rh5 74. Kf3 Rf5 75. Kg4 Rxf4+ 76. Rxf4 exf4 77. Kxf4 Kd3 78. Kg4 Ke3 79. Kxh4 f5 80. Kg5 f4 81. h4 f3 82. h5 f2 83. h6 f1=Q 84. h7 Qf8 0-1

[Event "Karel Janecek Open 2024"]
[Site "Prague"]
[Date "2024.03.03"]
[Round "5.19"]
[White "Botez, Andrea"]
[Black "Hujo, Jozef"]
[Result "1-0"]
[ECO "B07"]
[WhiteElo "1709"]
[BlackElo "1950"]
[Annotator "NA RC"]
[PlyCount "51"]
[EventDate "2024.02.22"]
[EventType "swiss"]
[EventCountry "CZE"]
[SourceTitle "playchess.com"]
[Source "ChessBase"]
[SourceQuality "1"]
[TimeControl "40/5400+30:1800+30"]

1. d4 Nf6 2. Nc3 g6 3. e4 d6 4. Be3 Bg7 5. h4 Nc6 6. Be2 h5 7. d5 Ne5 8. f4 Neg4 9. Bd4 c5 10. dxc6 bxc6 11. e5 dxe5 12. fxe5 Nd5 13. e6 Nxc3 14. bxc3 Bxd4 15. exf7+ Kxf7 16. Qxd4 Qxd4 17. cxd4 Ne3 18. Kd2 Nf5 19. Nf3 Ng3 20. Bc4+ Kf6 21. Rhe1 Bf5 22. Ng5 Rhe8 23. Re3 Rad8 24. Kc3 e5 25. dxe5+ Rxe5 26. Rxe5 1-0

[Event "Karel Janecek Open 2024"]
[Site "Prague"]
[Date "2024.03.04"]
[Round "6.1"]
[White "Li, Di"]
[Black "Xiang, Zeyu"]
[Result "1/2-1/2"]
[ECO "C67"]
[WhiteElo "2563"]
[BlackElo "2418"]
[Annotator "TA"]
[PlyCount "84"]
[EventDate "2024.02.22"]
[EventType "swiss"]
[EventCountry "CZE"]
[SourceTitle "playchess.com"]
[Source "ChessBase"]
[SourceQuality "1"]
[TimeControl "40/5400+30:1800+30"]

1. e4 e5 2. Nf3 Nc6 3. Bb5 Nf6 4. O-O Nxe4 5. Re1 Nd6 6. Nxe5 Be7 7. Bf1 Nxe5 8. Rxe5 O-O 9. d4 Bf6 10. Re1 Re8 11. c3 Rxe1 12. Qxe1 Ne8 13. Bf4 d5 {[%emt 0:00:22] The position is equal.} 14. Bd3 g6 15. Nd2 Ng7 16. Qe2 c6 17. Re1 Bf5 18. Bxf5 Nxf5 19. Nf3 Ng7 20. Be5 Ne6 21. Bxf6 Qxf6 22. Ne5 Re8 23. Ng4 Qd8 24. Qe5 {[%emt 0:00:17] [#] Strongly threatening Nf6+.} Ng7 25. Qxe8+ Nxe8 26. Rxe8+ Qxe8 27. Nf6+ Kf8 28. Nxe8 Kxe8 $11 {[%emt 0:00:05][%mdl 4096] Endgame. KP-KP} 29. f4 f5 30. Kf2 Ke7 31. Ke3 a5 32. a4 Ke6 33. Kd3 Kd6 34. b4 b6 35. bxa5 bxa5 36. Ke3 Ke6 37. Kf3 h6 38. h4 h5 39. Ke3 Kd6 40. Kf3 Ke6 41. Ke3 Kd6 42. Kf3 Ke6 {[%emt 0:00:05] A rather calm draw.   Weighted Error Value: White=0.02 (flawless) /Black=0.01 (flawless) .  OK:         	White=15    	Black=11     Best:        	White=1     	Black=3} 1/2-1/2

[Event "Karel Janecek Open 2024"]
[Site "Prague"]
[Date "2024.03.04"]
[Round "6.2"]
[White "Zhao, Yuanhe"]
[Black "Kourkoulos-Arditis, Stamatis"]
[Result "0-1"]
[ECO "D02"]
[WhiteElo "2461"]
[BlackElo "2547"]
[Annotator "RC"]
[PlyCount "136"]
[EventDate "2024.02.22"]
[EventType "swiss"]
[EventCountry "CZE"]
[SourceTitle "playchess.com"]
[Source "ChessBase"]
[SourceQuality "1"]
[TimeControl "40/5400+30:1800+30"]

1. Nf3 d5 2. d4 e6 3. g3 b6 4. Bg2 Bb7 5. O-O Nd7 6. c4 dxc4 7. Qa4 a6 8. Qxc4 Ngf6 9. Bg5 c5 10. dxc5 Bxc5 11. Rd1 b5 12. Qh4 Qb6 13. e3 h6 14. Bxf6 Nxf6 15. Nbd2 O-O 16. Nf1 Rfd8 17. Rac1 Be7 18. Qf4 Rxd1 19. Rxd1 Rc8 20. Qd4 Qc7 21. Qd2 b4 22. Nd4 Bxg2 23. Kxg2 Qa5 24. Ra1 Qd5+ 25. Kg1 g6 26. Qe2 a5 27. h4 h5 28. a3 b3 29. Rd1 a4 30. Qa6 Qc4 31. Qb7 Bf8 32. Nd2 Qc7 33. Qa6 Qd7 34. Nc4 Rc5 35. Rf1 Nd5 36. Ne5 Qd6 37. Qxd6 Bxd6 38. Nd3 Rc8 39. Rd1 Be7 40. Nb5 Nb6 41. e4 Rc2 42. Nd4 Rc4 43. Ne5 Bf6 44. Nef3 Bxd4 45. Nxd4 e5 46. Nf3 Rxe4 47. Rd8+ Kg7 48. Rb8 Nc4 49. Rb4 Rg4 50. Rxa4 Nd2 51. Nxd2 Rxa4 52. Nxb3 Rc4 53. Na5 Rc5 54. b4 Rc3 55. a4 f6 56. b5 Ra3 57. b6 Rxa4 58. b7 Rb4 59. Kf1 Rb2 60. Ke1 Kf8 61. Kd1 Ke8 62. Kc1 Rb5 63. Kd2 Kd7 64. f4 exf4 65. gxf4 Kc7 66. Nc4 Rxb7 67. f5 gxf5 68. Ne3 Rb5 0-1

[Event "Karel Janecek Open 2024"]
[Site "Prague"]
[Date "2024.03.04"]
[Round "6.3"]
[White "Polak, Tomas"]
[Black "Harshavardhan G B"]
[Result "1/2-1/2"]
[ECO "B13"]
[WhiteElo "2525"]
[BlackElo "2392"]
[Annotator "TA"]
[PlyCount "81"]
[EventDate "2024.02.22"]
[EventType "swiss"]
[EventCountry "CZE"]
[SourceTitle "playchess.com"]
[Source "ChessBase"]
[SourceQuality "1"]
[TimeControl "40/5400+30:1800+30"]

1. Nf3 c5 2. c4 Nc6 3. Nc3 g6 4. e3 Nf6 5. d4 cxd4 6. exd4 d5 7. Bg5 Be6 8. Bxf6 exf6 9. Be2 Bg7 10. O-O O-O 11. Qa4 Qd7 12. Rad1 a6 13. a3 Rad8 14. Rfe1 Rfe8 15. b4 Bg4 (15... dxc4 16. d5 Ne5 17. dxe6 Qxe6 18. Kf1 $18) 16. Nxd5 f5 (16... Nxd4 $6 17. Qxd7 Nxe2+ 18. Rxe2 Bxd7 19. Red2 $14) 17. h3 Bh5 18. b5 axb5 19. Qxb5 Bxf3 20. Bxf3 Rxe1+ 21. Rxe1 Bxd4 22. Rd1 Qd6 (22... Qc8 $5) 23. Qxb7 Kg7 ({Don't go for} 23... Qc5 $2 24. Qxc6 Bxf2+ 25. Kf1 $18) 24. Qc7 {[%emt 0:09:03] [#] Hoping for Qxd6.} Qxc7 ({Don't blunder} 24... Qc5 $2 25. Rxd4 Qxd4 26. Qxc6 $18) 25. Nxc7 Bb6 26. Rxd8 Nxd8 $16 {[%emt 0:00:06][%mdl 4096] Endgame. KBN-KBN} 27. Nd5 Bc5 28. a4 Nc6 29. Kf1 Na5 30. Be2 f6 31. Nf4 Kf7 {[%emt 0:00:43] Dodges Ne6} 32. Bf3 Ke7 33. Bd5 Bd6 34. Ne2 Nb3 35. Bg8 Nc5 36. Nc3 Be5 37. Nb5 (37. Nd5+ $5 Kf8 38. Bxh7 $16) 37... Nxa4 {[%emt 0:00:20] The position is equal.} 38. Ke2 (38. Bxh7 Kf7 39. Ke2 Nc5 $19) 38... Nc3+ 39. Nxc3 Bxc3 40. Kd3 Be1 41. f4 {[%emt 0:04:26] Weighted Error Value: White=0.07 (flawless) /Black=0.10 (very precise) .  Inaccurate:     	White=5     	Black=3      OK:         	White=17    	Black=13} 1/2-1/2

[Event "Karel Janecek Open 2024"]
[Site "Prague"]
[Date "2024.03.04"]
[Round "6.4"]
[White "Ilamparthi A R"]
[Black "Isik, Alparslan"]
[Result "1/2-1/2"]
[ECO "B32"]
[WhiteElo "2426"]
[BlackElo "2452"]
[Annotator "TA"]
[PlyCount "71"]
[EventDate "2024.02.22"]
[EventType "swiss"]
[EventCountry "CZE"]
[SourceTitle "playchess.com"]
[Source "ChessBase"]
[SourceQuality "1"]
[TimeControl "40/5400+30:1800+30"]

1. e4 c5 2. Nf3 Nc6 3. d4 cxd4 4. Nxd4 e5 5. Nb5 d6 6. N1c3 a6 7. Na3 Be7 8. Nc4 b5 9. Ne3 Nf6 10. Bd3 Nb4 {[%emt 0:01:29] White is slightly better.} 11. Be2 O-O 12. O-O Be6 13. Bf3 Nc6 14. Nf5 {[%emt 0:05:28] Prevents Nd4} (14. Ncd5 $14 {is more appropriate.}) 14... Rc8 15. Be3 b4 16. Na4 ({Better is} 16. Nd5 $11) 16... Bxf5 $15 17. exf5 e4 18. Be2 Qa5 19. Nb6 Rcd8 (19... Rb8 $15 20. Nc4 Qxf5 21. Nxd6 Qe6) 20. a3 $11 bxa3 21. Rxa3 Qxf5 22. Rxa6 d5 23. c3 Bd6 24. Na4 Ne5 25. Rxd6 Rxd6 26. Bc5 {[%emt 0:00:03] A strong pair of Bishops.} Rfd8 27. Bxd6 Rxd6 28. Nc5 h5 29. Nb3 Nc6 30. Nd4 Qe5 {[%emt 0:00:10] The position is equal.} 31. Nxc6 Rxc6 32. Qd2 Ng4 {[%emt 0:04:03][%csl Gg4][%cal Re5h2] [#]} 33. g3 Rf6 34. Bxg4 hxg4 35. Rd1 Rd6 36. Qf4 {[%emt 0:07:46] Weighted Error Value: White=0.07 (flawless) /Black=0.08 (flawless) .  Mistake:       	White=2     	Black=1      Inaccurate:     	---       	Black=2      OK:         	White=18    	Black=9      Best:        	White=2     	Black=2} 1/2-1/2

[Event "Karel Janecek Open 2024"]
[Site "Prague"]
[Date "2024.03.04"]
[Round "6.5"]
[White "Safarli, Eltaj"]
[Black "Neuman, Petr"]
[Result "1/2-1/2"]
[ECO "B10"]
[WhiteElo "2604"]
[BlackElo "2398"]
[Annotator "TA"]
[PlyCount "57"]
[EventDate "2024.02.22"]
[EventType "swiss"]
[EventCountry "CZE"]
[SourceTitle "playchess.com"]
[Source "ChessBase"]
[SourceQuality "1"]
[TimeControl "40/5400+30:1800+30"]

1. e4 c6 2. Nf3 d5 3. d3 dxe4 4. dxe4 Qxd1+ 5. Kxd1 Bg4 6. Be2 Nd7 7. Ne1 Bxe2+ 8. Kxe2 e5 9. f3 Nc5 10. Be3 Nf6 11. a4 Nfd7 12. Nd2 f6 13. a5 Bd6 14. c3 Ke7 15. b4 Ne6 16. Nd3 b6 17. Nb3 Rhc8 18. Rhd1 c5 19. bxc5 Ndxc5 20. Nbxc5 Bxc5 21. Bxc5+ bxc5 22. Rdb1 Rab8 {[%emt 0:01:07] Repels Rb7+} 23. g3 Kd7 24. Ne1 c4 25. Nc2 Rb3 26. Rd1+ {[%emt 0:04:09] [#]} (26. Kd2 $1 $15) 26... Ke8 $1 $17 27. Ra3 Rb2 (27... Nc5 $17 {...Rb2 is the strong threat.} 28. Ke3 Rd8 29. Rxd8+ Kxd8) 28. Rd2 $11 Rd8 {[%emt 0:00:09] With the idea ...Ng5.} 29. Ra4 {[%emt 0:03:42] Weighted Error Value: White=0.13 (very precise) /Black=0.15 (very precise) .  Mistake:       	White=1     	Black=1      Inaccurate:     	White=3     	Black=2      OK:         	White=4     	Black=6      Best:        	White=2     	Black=2      Strong:       	---       	Black=1} 1/2-1/2